 Dungeon Crawl Stone Soup version 0.31-a0-165-g3f4f80340b (webtiles) character file.

Game seed: 8788261904617510100

6300 qw the Cleaver (level 10, 0/64 HPs)
             Began as a Gargoyle Fighter on June 13, 2023.
             Was a Believer of Okawaru.
             Killed from afar by an oklob plant (25 damage)
             ... with a splash of acid
             ... on level 1 of the Lair of Beasts.
             The game lasted 00:04:01 (9147 turns).

qw the Cleaver (Gargoyle Fighter)                   Turns: 9147, Time: 00:04:02

Health: 0/64       AC:  7    Str: 31    XL:     10   Next: 95%
Magic:  13/13      EV:  8    Int:  8    God:    Okawaru [**....]
Gold:   517        SH:  4    Dex:  9    Spells: 9/9 levels left

rFire   . . .        Y - +1 broad axe (flame)
rCold   + . .        c - +0 buckler
rNeg    + . .        r - +0 plate armour
rPois   inf          (no helmet)
rElec   +            t - +2 cloak
rCorr   .            (no gloves)
SInv    .            (no boots)
Will    .....        (no amulet) Stlth
                     e - +6 ring of strength
HPRegen 0.30/turn    h - ring of protection from cold
MPRegen 0.13/turn

%: no passive effects
@: corroded
A: sickness immunity, AC +7, negative energy resistance 1, electricity
resistance, torment resistance 1, petrification resistance
a: Renounce Religion, Heroism


You were on level 1 of the Lair of Beasts.
You worshipped Okawaru.
Okawaru was pleased with you.
You visited 3 branches of the dungeon, and saw 11 of its levels.

You collected 517 gold pieces.


Innate Abilities, Weirdness & Mutations

You are immune to sickness and miasma.
Your stone body is resilient. (AC +7)
You are immune to poison.
You resist negative energy. (rN+)
You are resistant to electric shocks. (rElec)
You are resistant to unholy torment.
You are immune to petrification.


   Skills:
 + Level 8.2 Fighting
 - Level 11.0 Axes
 - Level 1.2 Throwing
 - Level 7.3 Armour
 - Level 2.2 Dodging
 - Level 5.2 Shields
 - Level 4.1 Invocations


You had 9 spell levels left.
You didn't know any spells.
Your spell library was empty.

Inventory:

Hand Weapons
 Y - a +1 broad axe of flaming (weapon)
Armour
 c - a +0 buckler (worn)
 r - a +0 plate armour (worn)
 t - a +2 cloak (worn)
Jewellery
 e - a +6 ring of strength (left hand)
 h - a ring of protection from cold (right hand)
 i - a ring of willpower
Scrolls
 j - 5 scrolls of identify
Potions
 d - a potion of might
 f - 3 potions of lignification
 g - a potion of mutation
 l - a potion of attraction
 m - 2 potions of curing
 n - a potion of haste

Dungeon Overview and Level Annotations

Branches:
Dungeon (9/15)             Temple (1/1) D:5            Lair (1/5) D:9
    Orc: D:9-12

Altars:
Ashenzari
Cheibriados
Dithmenos
Elyvilon
Fedhas
Gozag
Hepliaklqana
Kikubaaqudgha
Makhleb
Okawaru
Qazlal
Ru
Sif Muna
Trog
Uskayaw
Vehumet
Wu Jian
Xom
Yredelemnul
Zin
The Shining One

Shops:
D:3 (   D:8 [

Annotations:
D:4 Pikel


Message History

You hit the oklob plant but do no damage.
The oklob plant is moderately damaged.
You hit the oklob plant but do no damage.
The oklob plant is moderately damaged.
The oklob plant spits acid at you. The splash of acid misses you.
You completely miss the oklob plant.
The oklob plant is moderately damaged.
The oklob plant spits acid at you. The splash of acid hits you!!
9138 ||| DRINKING 3 potions of heal wounds.
You feel much better. The oklob plant spits acid at you.
The splash of acid hits you! The acid corrodes you!
9139 ||| DRINKING 2 potions of heal wounds.
You feel much better.
You hit the oklob plant but do no damage.
The oklob plant is moderately damaged.
The oklob plant spits acid at you. The splash of acid hits you!!
The acid corrodes you!
9141 ||| DRINKING potion of heal wounds.
You feel much better.
You hit the oklob plant. You burn the oklob plant.
The oklob plant is moderately damaged.
You hit the oklob plant. You burn the oklob plant.
The oklob plant is moderately damaged.
You slash the oklob plant! You burn the oklob plant.
The oklob plant is heavily damaged.
You hit the oklob plant but do no damage.
The oklob plant is heavily damaged.
You slice the oklob plant!! You burn the oklob plant!
The oklob plant is almost destroyed.
The oklob plant spits acid at you. The splash of acid misses you.
You hit the oklob plant but do no damage.
The oklob plant is almost destroyed.
You feel like a meek peon again. The oklob plant spits acid at you.
The splash of acid hits you!!
You die...

P..#####..#.#
#............
#..........#
#.........#
##.........#
#..........#
#......)P.#
#......@..#
#.........#
#...<.....#
#..........#
#..).........
#.........###P
...........# #
.###.###.##.#
# #. ## .#


You could see an oklob plant.

Vanquished Creatures
  3 polar bears (D:9)
  A hornet (D:8)
  2 wyverns (D:9)
  2 unseen horror simulacra (D:9)
  7 yaks
  2 basilisks (D:9)
  2 steam dragons
  2 acid dragons (D:8)
  3 water moccasins
  2 black bears
  An ice beast (D:9)
  2 orc warriors (D:9)
  A sky beast (D:6)
  4 ogres
  3 centaurs
  A phantom (D:5)
  Blork the orc (D:4)
  2 bullfrogs
  A kobold brigand (D:9)
  4 scorpions
  9 killer bees
  An electric eel (D:9)
  2 howler monkeys
  2 jellies
  2 hounds
  An orc priest (D:9)
  3 iguanas
  3 orc wizards
  3 sleepcaps
  A centaur simulacrum (D:9)
  8 adders
  3 gnolls (D:4)
  2 shadow imps
  4 white imps
  3 ufetubi
  5 worms
  4 dart slugs
  19 orcs
  6 ball pythons
  5 endoplasms
  6 giant cockroaches
  6 goblins
  7 hobgoblins
  5 quokkas
  8 bats
  5 frilled lizards
  13 kobolds
  2 rats (D:2)
184 creatures vanquished.

Notes
Turn   | Place    | Note
-------+----------+-------------------------------------------
     0 | D:1      | qw the Gargoyle Fighter began the quest for the Orb.
     0 | D:1      | Reached XP level 1. HP: 14/14 MP: 1/1
     0 | D:1      | 0 ||| qw: Version: 0.2-a-29-gc1b59c4
     0 | D:1      | 0 ||| qw: Game counter: 4651
     0 | D:1      | 0 ||| qw: Always use a shield: true
     0 | D:1      | 0 ||| qw: God list: Okawaru
     0 | D:1      | 0 ||| qw: Allow faded altars: false
     0 | D:1      | 0 ||| qw: Do Orc after D:15 true
     0 | D:1      | 0 ||| qw: Do second Lair branch before Depths: true
     0 | D:1      | 0 ||| qw: Lair rune preference: random
     0 | D:1      | 0 ||| qw: Plans: Normal, Zot:1-4, Slime:5, God:TSO, Crypt,
                  | Tomb, Abyss, Pan, Hells, Win
     0 | D:1      | 0 ||| PLANNING D:1-11
    41 | D:1      | Reached skill level 2 in Axes
   111 | D:1      | Reached XP level 2. HP: 19/19 MP: 2/2
   356 | D:1      | 356 ||| Stepping ~*~*~tactically~*~*~ (stealth).
   463 | D:1      | Reached skill level 3 in Axes
   694 | D:1      | 694 ||| UPGRADING to +6 ring of strength.
   695 | D:1      | 695 ||| UPGRADING to ring of protection from cold.
   696 | D:1      | 696 ||| READING scroll labelled MACWUEXUKE.
   697 | D:1      | 697 ||| READING 2 scrolls labelled TISUXOSI REHOD.
   698 | D:1      | 698 ||| READING scroll labelled JUCARE YVEPEI.
   724 | D:2      | Reached XP level 3. HP: 23/23 MP: 3/3
   780 | D:2      | 780 ||| Stepping ~*~*~tactically~*~*~ (hiding).
   956 | D:2      | 956 ||| Stepping ~*~*~tactically~*~*~ (stealth).
   957 | D:2      | 957 ||| Stepping ~*~*~tactically~*~*~ (stealth).
   961 | D:2      | 961 ||| Stepping ~*~*~tactically~*~*~ (stealth).
   973 | D:2      | Reached skill level 1 in Throwing
   984 | D:2      | 984 ||| Stepping ~*~*~tactically~*~*~ (water).
   986 | D:2      | 986 ||| Stepping ~*~*~tactically~*~*~ (stealth).
   988 | D:2      | Reached XP level 4. HP: 28/28 MP: 4/4
   990 | D:2      | 990 ||| Stepping ~*~*~tactically~*~*~ (stealth).
   991 | D:2      | 991 ||| Stepping ~*~*~tactically~*~*~ (stealth).
  1019 | D:2      | Found a shimmering blue altar of Sif Muna.
  1029 | D:2      | 1029 ||| Stepping ~*~*~tactically~*~*~ (stealth).
  1031 | D:2      | 1031 ||| Stepping ~*~*~tactically~*~*~ (stealth).
  1051 | D:2      | 1051 ||| Stepping ~*~*~tactically~*~*~ (hiding).
  1052 | D:2      | 1052 ||| Stepping ~*~*~tactically~*~*~ (hiding).
  1421 | D:2      | 1421 ||| Stepping ~*~*~tactically~*~*~ (water).
  1723 | D:2      | 1723 ||| READING 4 scrolls labelled VYIXON QEIMPI.
  1724 | D:2      | 1724 ||| READING scroll labelled ACORPH HOUWNEAN.
  1725 | D:2      | 1725 ||| DRINKING 3 grey potions.
  1726 | D:2      | 1726 ||| DRINKING 2 fuming yellow potions.
  1727 | D:2      | 1727 ||| READING 2 scrolls of identify.
  1727 | D:2      | 1727 ||| IDENTIFYING viscous grey potion
  1728 | D:2      | 1728 ||| DROPPING 3 scrolls of noise.
  1871 | D:3      | 1871 ||| Stepping ~*~*~tactically~*~*~ (stealth).
  1875 | D:3      | 1875 ||| Stepping ~*~*~tactically~*~*~ (stealth).
  1921 | D:3      | 1921 ||| DROPPING +0 mace.
  2125 | D:3      | Reached skill level 4 in Axes
  2250 | D:3      | Found Huck's Weapon Shoppe.
  2709 | D:4      | Noticed Blork the orc
  2719 | D:4      | Killed Blork the orc
  2720 | D:4      | Reached XP level 5. HP: 13/32 MP: 5/5
  2986 | D:4      | 2986 ||| Stepping ~*~*~tactically~*~*~ (stealth).
  2987 | D:4      | 2987 ||| Stepping ~*~*~tactically~*~*~ (stealth).
  2989 | D:4      | 2989 ||| Stepping ~*~*~tactically~*~*~ (hiding).
  2993 | D:4      | Reached skill level 5 in Axes
  2997 | D:4      | 2997 ||| Stepping ~*~*~tactically~*~*~ (stealth).
  2998 | D:4      | 2998 ||| Stepping ~*~*~tactically~*~*~ (stealth).
  3122 | D:4      | Reached skill level 1 in Dodging
  3122 | D:4      | Reached XP level 6. HP: 35/37 MP: 6/6
  3176 | D:4      | 3176 ||| Stepping ~*~*~tactically~*~*~ (stealth).
  3244 | D:4      | Noticed Pikel
  3263 | D:4      | HP: 4/38 [Pikel/+2 whip of freezing (8)]
  3264 | D:4      | 3264 ||| READING scroll of teleportation.
  3265 | D:4      | 3265 ||| DRINKING 2 potions of heal wounds.
  3432 | D:4      | Reached XP level 7. HP: 32/44 MP: 7/7
  3610 | D:4      | 3610 ||| Stepping ~*~*~tactically~*~*~ (stealth).
  3641 | D:4      | Found a basalt altar of Yredelemnul.
  3655 | D:4      | Found a sacrificial altar of Ru.
  3995 | D:4      | Reached skill level 6 in Axes
  4016 | D:4      | 4016 ||| UPGRADING to +0 plate armour.
  4026 | D:4      | 4026 ||| DROPPING +0 scale mail.
  4027 | D:4      | 4027 ||| UPGRADING to +0 cloak.
  4032 | D:4      | 4032 ||| READING 2 scrolls of enchant armour.
  4032 | D:4      | 4032 ||| ENCHANTING +0 cloak.
  4033 | D:4      | 4033 ||| READING scroll of enchant armour.
  4033 | D:4      | 4033 ||| ENCHANTING +1 cloak.
  4034 | D:4      | 4034 ||| READING scroll labelled NAZ EFEW YBBE.
  4035 | D:4      | 4035 ||| READING scroll labelled USHAAQ AZAPS.
  4036 | D:4      | 4036 ||| READING 2 scrolls of identify.
  4036 | D:4      | 4036 ||| IDENTIFYING bubbling emerald potion
  4097 | D:5      | Entered Level 5 of the Dungeon
  4183 | D:5      | Noticed a yak
  4183 | D:5      | Noticed a yak
  4196 | D:5      | Killed a yak
  4198 | D:5      | HP: 9/44 [yak (9)]
  4199 | D:5      | 4199 ||| READING scroll of teleportation.
  4200 | D:5      | 4200 ||| DRINKING potion of heal wounds.
  4301 | D:5      | Found a staircase to the Ecumenical Temple.
  4302 | D:5      | 4302 ||| PLANNING TEMPLE
  4302 | D:5      | 4302 ||| READING scroll labelled VYTHUT CORE.
  4303 | D:5      | 4303 ||| READING 2 scrolls of identify.
  4303 | D:5      | 4303 ||| IDENTIFYING glowing purple potion
  4320 | Temple   | Entered the Ecumenical Temple
  4521 | Temple   | 4521 ||| PLANNING D:1-11
  4555 | D:5      | Killed a yak
  4556 | D:5      | Reached skill level 7 in Axes
  4556 | D:5      | Reached XP level 8. HP: 45/48 MP: 8/8
  5101 | D:5      | Found a radiant altar of Vehumet.
  5148 | D:5      | Found a hide-covered altar of Uskayaw.
  5150 | D:5      | Found a white marble altar of Elyvilon.
  5151 | D:5      | Found a burning altar of Makhleb.
  5249 | D:5      | 5249 ||| READING 2 scrolls labelled WIFO PUHYXTO.
  5250 | D:5      | 5250 ||| READING scroll labelled ERCHOI QUCAMO.
  5251 | D:5      | 5251 ||| READING scroll labelled YSTOCU UTTA.
  5251 | D:5      | Identified a scroll of acquirement
  5251 | D:5      | 5251 ||| ACQUIRING +0 broad axe of flaming
  5251 | D:5      | Acquired a +0 broad axe of flaming
  5253 | D:5      | 5253 ||| SWAPPING to +0 broad axe of flaming.
  5254 | D:5      | 5254 ||| DROPPING +2 flail of holy wrath.
  5255 | D:5      | 5255 ||| DROPPING +0 war axe.
  5256 | D:5      | 5256 ||| READING 3 scrolls of identify.
  5256 | D:5      | 5256 ||| IDENTIFYING fuming sapphire potion
  5257 | D:5      | 5257 ||| READING 2 scrolls of identify.
  5257 | D:5      | 5257 ||| IDENTIFYING murky yellow potion
  5258 | D:5      | 5258 ||| DROPPING scroll of immolation.
  5259 | D:5      | 5259 ||| DROPPING potion of brilliance.
  5350 | D:6      | 5350 ||| Stepping ~*~*~tactically~*~*~ (hiding).
  5352 | D:6      | 5352 ||| Stepping ~*~*~tactically~*~*~ (hiding).
  5410 | D:6      | 5410 ||| STAIRDANCE
  5512 | D:6      | Found an iron altar of Okawaru.
  5513 | D:6      | 5513 ||| PLANNING OKAWARU WORSHIP
  5519 | D:6      | Became a worshipper of Warmaster Okawaru
  5519 | D:6      | 5519 ||| PLANNING D:1-11
  5552 | D:6      | Reached skill level 8 in Axes
  5584 | D:6      | Reached skill level 6 in Fighting
  5646 | D:6      | 5646 ||| Stepping ~*~*~tactically~*~*~ (stealth).
  5647 | D:6      | 5647 ||| Stepping ~*~*~tactically~*~*~ (stealth).
  5695 | D:6      | 5695 ||| Stepping ~*~*~tactically~*~*~ (stealth).
  5816 | D:6      | 5816 ||| READING scroll labelled QOINNA PEFAET.
  5817 | D:6      | 5817 ||| READING scroll labelled YRGHOULEUVIA.
  5843 | D:7      | 5843 ||| Stepping ~*~*~tactically~*~*~ (stealth).
  5846 | D:7      | 5846 ||| Stepping ~*~*~tactically~*~*~ (hiding).
  5847 | D:7      | 5847 ||| Stepping ~*~*~tactically~*~*~ (hiding).
  5876 | D:7      | 5876 ||| Stepping ~*~*~tactically~*~*~ (hiding).
  6107 | D:7      | Reached * piety under Okawaru
  6108 | D:7      | Reached XP level 9. HP: 55/55 MP: 9/9
  6118 | D:7      | Reached skill level 1 in Invocations
  6256 | D:7      | 6256 ||| Stepping ~*~*~tactically~*~*~ (stealth).
  6257 | D:7      | 6257 ||| Stepping ~*~*~tactically~*~*~ (stealth).
  6258 | D:7      | 6258 ||| Stepping ~*~*~tactically~*~*~ (stealth).
  6262 | D:7      | 6262 ||| Stepping ~*~*~tactically~*~*~ (hiding).
  6264 | D:7      | 6264 ||| Stepping ~*~*~tactically~*~*~ (hiding).
  6266 | D:7      | 6266 ||| Stepping ~*~*~tactically~*~*~ (hiding).
  6485 | D:7      | Found a snail-covered altar of Cheibriados.
  6496 | D:7      | 6496 ||| INVOKING Heroism.
  6657 | D:7      | Found a blossoming altar of Fedhas.
  7196 | D:7      | 7196 ||| READING 5 scrolls of identify.
  7196 | D:7      | 7196 ||| IDENTIFYING fuming inky potion
  7197 | D:7      | 7197 ||| DROPPING potion of enlightenment.
  7241 | D:8      | 7241 ||| STAIRDANCE
  7245 | D:7      | 7245 ||| INVOKING Heroism.
  7249 | D:7      | Reached skill level 9 in Axes
  7343 | D:8      | Found Judy's Weapon Shoppe.
  7352 | D:8      | Reached skill level 3 in Invocations
  7382 | D:8      | Found Kiotz's Antique Armour Emporium.
  7394 | D:8      | 7394 ||| INVOKING Heroism.
  7395 | D:8      | Noticed a hornet
  7396 | D:8      | 7396 ||| Stepping ~*~*~tactically~*~*~ (stealth).
  7424 | D:8      | 7424 ||| INVOKING Heroism.
  7427 | D:8      | Killed a hornet
  7550 | D:8      | 7550 ||| INVOKING Heroism.
  7567 | D:8      | 7567 ||| Stepping ~*~*~tactically~*~*~ (hiding).
  7636 | D:8      | Found an opulent altar of Gozag.
  7703 | D:8      | 7703 ||| INVOKING Heroism.
  7965 | D:8      | 7965 ||| INVOKING Heroism.
  8064 | D:8      | 8064 ||| DROPPING orb of wrath.
  8091 | D:9      | 8091 ||| Stepping ~*~*~tactically~*~*~ (cloud).
  8092 | D:9      | 8092 ||| Stepping ~*~*~tactically~*~*~ (cloud).
  8097 | D:9      | 8097 ||| INVOKING Heroism.
  8108 | D:9      | 8108 ||| Stepping ~*~*~tactically~*~*~ (cloud).
  8255 | D:9      | 8255 ||| INVOKING Heroism.
  8259 | D:9      | 8259 ||| DRINKING 3 potions of curing.
  8259 | D:9      | 8259 ||| (to cure confusion)
  8263 | D:9      | Reached XP level 10. HP: 63/63 MP: 11/13
  8269 | D:9      | Reached skill level 10 in Axes
  8331 | D:9      | Reached skill level 6 in Armour
  8394 | D:9      | 8394 ||| INVOKING Heroism.
  8405 | D:9      | Reached ** piety under Okawaru
  8422 | D:9      | 8422 ||| INVOKING Heroism.
  8531 | D:9      | Found a staircase to the Lair.
  8585 | D:9      | 8585 ||| Stepping ~*~*~tactically~*~*~ (hiding).
  8590 | D:9      | 8590 ||| INVOKING Heroism.
  8748 | D:9      | 8748 ||| INVOKING Heroism.
  8757 | D:9      | Reached skill level 11 in Axes
  8821 | D:9      | 8821 ||| INVOKING Heroism.
  8825 | D:9      | 8825 ||| Stepping ~*~*~tactically~*~*~ (water).
  8989 | D:9      | 8989 ||| INVOKING Heroism.
  8990 | D:9      | 8990 ||| Stepping ~*~*~tactically~*~*~ (stealth).
  9017 | D:9      | 9017 ||| INVOKING Heroism.
  9026 | D:9      | 9026 ||| Stepping ~*~*~tactically~*~*~ (stealth).
  9031 | D:9      | 9031 ||| Stepping ~*~*~tactically~*~*~ (stealth).
  9032 | D:9      | 9032 ||| Stepping ~*~*~tactically~*~*~ (stealth).
  9109 | D:8      | 9109 ||| PLANNING LAIR
  9122 | Lair:1   | Entered Level 1 of the Lair of Beasts
  9122 | Lair:1   | Noticed an oklob plant
  9123 | Lair:1   | 9123 ||| INVOKING Heroism.
  9137 | Lair:1   | HP: 6/64 [oklob plant/splash of acid (18)]
  9138 | Lair:1   | 9138 ||| DRINKING 3 potions of heal wounds.
  9139 | Lair:1   | 9139 ||| DRINKING 2 potions of heal wounds.
  9141 | Lair:1   | 9141 ||| DRINKING potion of heal wounds.
  9147 | Lair:1   | Killed from afar by an oklob plant

Levels and vault maps discovered:
D:1:      saegor_arrival_simple_d, layout_loops_ring, minmay_misc_feat_diagonals
D:2:      layout_loops_ring, serial_bayou, serial_bayou_pond_c,
          serial_bayou_pond_b, serial_bayou_ford_a, serial_bayou_pond_b,
          st_stairs_4, grunt_ministairs_9, minmay_misc_feat_four_crosses,
          hangedman_feature_mirror, minmay_hexomino_r4
D:3:      minmay_door_path, layout_loops_ring, serial_shops,
          nicolae_shop_bloodbath_and_beyond, st_stairs_4
D:4:      minmay_thinvault, layout_loops_corners,
          mainiacjoe_overflow_catch_the_wave, uniq_blork_the_orc, uniq_pikel
D:5:      kennysheep_big_flooded_room, layout_gridville,
          mainiacjoe_overflow_alcove_3, minmay_temple_entry_enclosed_plants,
          hangedman_decor_growths
D:6:      layout_rooms, okawaru_trees_2
D:7:      layout_layer_cave, mainiacjoe_overflow_cross_hatched, slow_altar_1,
          minivault_26
D:8:      layout_basic, mainiacjoe_overflow_brackets, serial_shops,
          nicolae_diamond_shop, nicolae_take_the_stairs,
          chequers_serial_rivers_small_a, chequers_serial_rivers_micro_c
D:9:      layout_gridville, minmay_lair_entry_grove, serial_ice, serial_ice_n,
          serial_ice_g, serial_ice_i, serial_ice_h, serial_ice_m, serial_ice_e
Temple:   minmay_temple_curvy_loop
Lair:1:   layout_small_grid, lemuel_oklob_altar, grunt_megastairs_3,
          uniq_amaemon, uniq_sonja, uniq_prince_ribbit2

Skill      XL: |  1  2  3  4  5  6  7  8  9 10 |
---------------+-------------------------------+-----
Axes           | 2 3 4 5 7 8 9 11 | 11.0
Throwing       | 1 |  1.2
Dodging        | 1 2 |  2.2
Fighting       | 4 6 7 8 |  8.2
Armour         | 5 7 |  7.3
Invocations    | 4 |  4.1
Shields        | 4 5 |  5.2

Action                     |  1- 3 |  4- 6 |  7- 9 | 10-12 || total
---------------------------+-------+-------+-------+-------++-------
  Melee: War axe           |    98 |   147 |    94 |       ||   339
         Broad axe         |       |       |   126 |   109 ||   235
  Throw: Javelin           |    11 |    50 |     1 |       ||    62
         Boomerang         |       |     1 |    53 |       ||    54
 Invoke: Heroism           |       |       |     9 |     8 ||    17
    Use: Scroll            |     3 |     4 |    16 |       ||    23
         Potion            |       |     3 |     2 |     3 ||     8
 Armour: Scale mail        |    50 |    67 |    14 |       ||   131
         Plate armour      |       |       |   163 |    69 ||   232
  Dodge: Dodged            |    41 |    53 |   106 |    40 ||   240
  Block: Buckler           |    17 |    24 |    44 |    21 ||   106

Table legend:
 A = Non-vault XP
 B = Vault XP
 C = Vault XP percentage of total XP
 D = Non-vault monster count
 E = Vault monster count
 F = Vault count percentage of total count
                 A         B        C        D         E       F
            +---------+---------+-------+---------+---------+-------
      Total |    4576 |    4424 |  49.2 |     115 |      69 |  37.5
            +---------+---------+-------+---------+---------+-------
        D:1 |      32 |       0 |   0.0 |      18 |       0 |   0.0
        D:2 |      34 |      44 |  56.4 |      12 |      17 |  58.6
        D:3 |      12 |      13 |  52.0 |       5 |       6 |  54.5
        D:4 |     399 |     270 |  40.4 |      11 |      18 |  62.1
        D:5 |     372 |     401 |  51.9 |      12 |       2 |  14.3
        D:6 |     506 |       0 |   0.0 |      10 |       0 |   0.0
        D:7 |     963 |       5 |   0.5 |      13 |       1 |   7.1
        D:8 |    1119 |       0 |   0.0 |       8 |       0 |   0.0
        D:9 |    1051 |    3691 |  77.8 |      25 |      25 |  50.0
     Lair:1 |      88 |       0 |   0.0 |       1 |       0 |   0.0
            +---------+---------+-------+---------+---------+-------
